 Dungeon Crawl Stone Soup version 0.27-a0-277-g024f7ef292 (webtiles) character file.

Game seed: 11460955926187537939

7221 Borgoz the Fighter (level 11, -1/71 HPs)
             Began as a Gargoyle Gladiator on Feb 5, 2021.
             Was an Elder of Okawaru.
             Slain by a yak (6 damage)
             ... on level 12 of the Dungeon.
             The game lasted 00:11:49 (12849 turns).

Borgoz the Fighter (Gargoyle Gladiator)            Turns: 12849, Time: 00:11:50

Health: -1/71      AC: 21    Str: 17    XL:     11   Next: 11%
Magic:  13/14      EV: 18    Int: 10    God:    Okawaru [****..]
Gold:   623        SH:  5    Dex: 14    Spells: 10/10 levels left

rFire    . . .     SeeInvis .   a - +1 flail
rCold    + . .     Faith    .   (no shield)
rNeg     + . .     Spirit   .   n - +2 ring mail {rC+}
rPois    ∞         Reflect  +   c - +0 helmet
rElec    +         Harm     .   (no cloak)
rCorr    .         Rampage  .   (no gloves)
Will     .....                  v - +0 pair of boots
Stlth    ++........             C - amulet of reflection
HPRegen  0.21/turn              (no ring)
MPRegen  0.14/turn              (no ring)

@: heroism, berserk cooldown, slowed, very slow
A: negative energy resistance 1, electricity resistance, unbreathing,
petrification resistance, miasma immunity, AC +8
a: Renounce Religion, Heroism


You were on level 12 of the Dungeon.
You worshipped Okawaru.
Okawaru was greatly pleased with you.
You visited 1 branch of the dungeon, and saw 12 of its levels.

You collected 707 gold pieces.
You spent 84 gold pieces at shops.

Inventory:

Hand Weapons
 a - a +1 flail (weapon)
 x - the +1 falchion "Cusefakh" {pain, rF+ Int+6 Dex-5, unknown}
   (You found it on level 8 of the Dungeon)

   In the hands of one skilled in necromantic magic, it inflicts extra damage on
   living creatures.
   It affects your intelligence (+6).
   It affects your dexterity (-5).
   It protects you from fire.
Missiles
 d - a throwing net (quivered)
Armour
 c - a +0 helmet (worn)
 n - a +2 ring mail of cold resistance (worn)
 v - a +0 pair of boots (worn)
Jewellery
 z - the amulet "Bitsiher" {RegenMP Dex+4}
   (You found it on level 9 of the Dungeon)

   [amulet of magic regeneration]

   It increases your magic regeneration.
   It affects your dexterity (+4).
 C - an amulet of reflection (around neck)
 F - an uncursed ring of protection from fire {unknown}
Wands
 A - a wand of iceblast (13)
 E - a wand of paralysis (7)
Scrolls
 b - 2 scrolls of fog
 e - 8 scrolls of remove curse
 f - 3 scrolls of magic mapping
 j - a scroll of enchant armour
 k - 2 scrolls of fear {unknown}
 l - 5 scrolls of teleportation
 m - a scroll of enchant weapon
 o - a scroll of silence {unknown}
 r - a scroll of random uselessness {unknown}
 s - a scroll of immolation {unknown}
 u - a scroll of vulnerability {unknown}
 w - a scroll of holy word {unknown}
 y - 2 scrolls of blinking {unknown}
Potions
 g - 3 potions of haste
 h - 2 potions of heal wounds
 i - 3 potions of attraction
 p - 3 potions of flight
 q - a potion of invisibility
 B - 2 potions of magic
 D - a potion of might {unknown}


   Skills:
 + Level 9.1(14.1) Fighting
 + Level 8.6(13.6) Maces & Flails
 - Level 1.7(6.7) Throwing
 + Level 8.8(13.8) Armour
 + Level 7.2(12.2) Dodging
 - Level 5.0 Invocations


You had 10 spell levels left.
You didn't know any spells.
Your spell library contained the following spells:

 Spells                   Type           Power        Failure   Level
 Summon Small Mammal      Summ           0%           50%         1
 Call Imp                 Summ           0%           65%         2
 Call Canine Familiar     Summ           0%           86%         3
 Summon Guardian Golem    Hex/Summ       0%           86%         3
 Summon Ice Beast         Ice/Summ       0%           99%         4
 Summon Lightning Spire   Summ/Air       0%           99%         4


Dungeon Overview and Level Annotations

Branches:
Dungeon (13/15)            Temple (0/1) D:4             Orc (0/2) D:12
   Lair: D:8-11      Vaults: D:13-14

Altars:
Ashenzari
Hepliaklqana
Nemelex Xobeh
Okawaru
Ru
Wu Jian
Yredelemnul

Shops:
D:6 *   D:12 [(


Innate Abilities, Weirdness & Mutations

You are resistant to torment.
Your stone body is resilient. (AC +8)
You are immune to poison.
You resist negative energy. (rN+)
You are resistant to electric shocks. (rElec)
You can survive without breathing.
You are immune to petrification.
You are immune to miasma.


Message History

You hit the yak.
The yak is moderately wounded.
The yak closely misses you. The yak completely misses you.
You sock the yak!
The yak is heavily wounded.
You block the yak's attack.
You hit the yak.
The yak is heavily wounded.
You block the yak's attack.
You thump the yak!
The yak is almost dead.
The yak gores you!
* * * LOW HITPOINT WARNING * * *
You barely miss the yak.
The yak is almost dead.
The yak gores you but does no damage.
You closely miss the yak.
The yak is almost dead.
The yak gores you.
You die...

####.#.## #..)).....#.# #
..).....####..........###...
.)........)'................
)###....####..........###...
)# #.#..# ##.......#.# # .#
#.##.# ##.....##.# .# #.##.#
##.o.## F# .. .....# ##Y##
.. ## #.#### #@# ## #.# ...
....# #..... #....## #.#.##
..###


You could see a yak and an orc.

Vanquished Creatures
  A tengu warrior (D:9)
  An unseen horror (D:8)
  A troll (D:9)
  Sigmund (D:3)
  8 yaks (D:12)
  Menkaure (D:4)
  2 water moccasins
  4 orc warriors
  A sky beast (D:7)
  2 ice beasts (D:6)
  A necrophage (D:9)
  5 ogres
  3 centaurs
  A phantom (D:4)
  2 big kobolds
  5 bullfrogs
  2 scorpions
  3 killer bees (D:8)
  5 wights (D:8)
  5 howler monkeys
  2 centaur zombies (D:6)
  2 bullfrog zombies
  A jelly (D:8)
  5 hounds
  7 orc priests
  A bullfrog skeleton (D:9)
  3 centaur skeletons
  4 iguanas
  10 orc wizards
  7 worker ants
  3 hound skeletons
  A worker ant zombie (D:10)
  6 gnolls
  A howler monkey skeleton (D:4)
  10 adders
  2 shadow imps
  A white imp (D:6)
  3 oozes
  4 worms
  2 dart slugs (D:1)
  3 leopard geckos
  37 orcs
  3 ball pythons
  13 bats
  4 giant cockroaches
  2 goblins
  6 hobgoblins
  13 jackals
  2 quokkas (D:2)
  5 frilled lizards
  A giant cockroach zombie (D:5)
  A jackal skeleton (D:7)
  10 kobolds
  A quokka skeleton (D:9)
  7 rats
  A bush (D:1)
238 creatures vanquished.

Notes
Turn   | Place    | Note
-------+----------+-------------------------------------------
     0 | D:1      | Borgoz the Gargoyle Gladiator began the quest for the Orb.
     0 | D:1      | Reached XP level 1. HP: 12/12 MP: 1/1
   236 | D:1      | Reached XP level 2. HP: 18/18 MP: 2/2
   445 | D:1      | Reached skill level 1 in Armour
   698 | D:1      | Reached XP level 3. HP: 22/22 MP: 3/3
  1560 | D:2      | Noticed a big kobold
  1591 | D:2      | Killed a big kobold
  1592 | D:2      | Reached skill level 3 in Fighting
  1592 | D:2      | Reached XP level 4. HP: 18/28 MP: 4/4
  1594 | D:2      | Reached XP level 5. HP: 20/32 MP: 5/5
  2249 | D:3      | Noticed Sigmund
  2261 | D:3      | Killed Sigmund
  2262 | D:3      | Reached skill level 4 in Fighting
  2262 | D:3      | Reached XP level 6. HP: 16/38 MP: 6/6
  3481 | D:3      | You fall into a shaft and drop 1 floor!
  3481 | D:4      | Noticed Menkaure
  3483 | D:4      | Found an iron altar of Okawaru.
  3494 | D:4      | Killed Menkaure
  3495 | D:4      | Reached XP level 7. HP: 18/44 MP: 7/7
  3682 | D:4      | Found a hazy altar of Hepliaklqana.
  3687 | D:4      | Found a sacrificial altar of Ru.
  3698 | D:4      | Became a worshipper of Warmaster Okawaru
  4164 | D:4      | Found a staircase to the Ecumenical Temple.
  4180 | D:4      | Reached skill level 1 in Invocations
  4225 | D:4      | Found an ornate altar of the Wu Jian Council.
  4341 | D:4      | Reached skill level 5 in Maces & Flails
  5013 | D:5      | Entered Level 5 of the Dungeon
  5183 | D:5      | Reached skill level 5 in Fighting
  5188 | D:5      | Found a broken altar of Ashenzari.
  5209 | D:5      | Reached XP level 8. HP: 22/49 MP: 9/9
  5873 | D:6      | Found a basalt altar of Yredelemnul.
  5974 | D:6      | Reached * piety under Okawaru
  6407 | D:6      | Reached skill level 5 in Armour
  7002 | D:6      | Found Donkegy's Assorted Antiques.
  7010 | D:6      | Bought a scroll labelled HEVUCH MARULL for 28 gold pieces
  7010 | D:6      | Bought a scroll of identify for 56 gold pieces
  7207 | D:6      | Reached skill level 6 in Fighting
  7455 | D:6      | Reached skill level 5 in Dodging
  7455 | D:6      | Reached XP level 9. HP: 51/55 MP: 11/11
  7545 | D:6      | Reached ** piety under Okawaru
  9154 | D:8      | Reached skill level 5 in Invocations
  9230 | D:8      | Reached skill level 7 in Fighting
 10040 | D:8      | Reached XP level 10. HP: 40/63 MP: 13/13
 10046 | D:8      | Got a jewelled falchion
 10214 | D:8      | Killed an unseen horror
 10214 | D:8      | Reached *** piety under Okawaru
 11243 | D:9      | Noticed a tengu warrior
 11270 | D:9      | Killed a tengu warrior
 11271 | D:9      | Reached skill level 8 in Fighting
 11367 | D:9      | Found a sparkling altar of Nemelex Xobeh.
 11427 | D:9      | Got a crude golden amulet
 11613 | D:9      | Identified the amulet "Bitsiher" {RegenMP Dex+4} (You found
                  | it on level 9 of the Dungeon)
 12259 | D:10     | Entered Level 10 of the Dungeon
 12347 | D:10     | Reached **** piety under Okawaru
 12590 | D:10     | You fall into a shaft and drop 3 floors!
 12660 | D:12     | Found Tuablou's Weapon Shoppe.
 12718 | D:12     | Found a staircase to the Orcish Mines.
 12724 | D:12     | Found Vocud's Armour Shoppe.
 12785 | D:12     | Received a gift from Okawaru
 12794 | D:12     | Reached XP level 11. HP: 23/69 MP: 14/14
 12821 | D:12     | Reached skill level 9 in Fighting
 12849 | D:12     | Slain by a yak

Illustrated notes

Levels and vault maps discovered:
D:1:      minmay_arrival_up_and_down, layout_loops_cross, serial_forest,
          infiniplex_forest_straight_2, infiniplex_forest_zigzag_1,
          infiniplex_forest_end_2, infiniplex_forest_lined_3_way,
          infiniplex_forest_straight_3
D:2:      layout_loops_ring
D:3:      layout_loops_corners, uniq_sigmund
D:4:      layout_basic, old_standard_altar, minitemple,
          minmay_temple_entry_tees, minmay_quantized, uniq_menkaure
D:5:      layout_gridville, nicolae_ashenzari_panopticon
D:6:      kennysheep_spiral_hall, layout_basic, yredelemnul_altar_generic,
          serial_shops, shop
D:7:      layout_cave_pods
D:8:      minmay_flawed_box, layout_gridville
D:9:      layout_irregular_city, nemelex_xobeh_ov_fountains_minmay
D:10:     layout_loops_ring, lightli_wizard_tower
D:12:     layout_loops_corners, orc_david_3, serial_rivers,
          chequers_serial_rivers_room_a, chequers_serial_rivers_micro_b,
          chequers_serial_rivers_micro_b, chequers_serial_rivers_room_b,
          chequers_serial_rivers_micro_a, hangedman_decor_points,
          eino_small_chamber_without_monster
D:13:     layout_roguey, lightli_vaults_fourway_checkpoint

Skill      XL: |  1  2  3  4  5  6  7  8  9 10 11 |
---------------+----------------------------------+-----
Armour         | 1 2 3 4 5 6 8 |  8.8
Fighting       | 3 4 5 6 7 8 9 |  9.1
Dodging        | 3 4 5 7 |  7.2
Maces & Flails | 4 5 6 7 8 |  8.6
Invocations    | 2 3 5 |  5.0
Throwing       | |  1.7

Action                   |  1- 3 |  4- 6 |  7- 9 | 10-12 || total
-------------------------+-------+-------+-------+-------++-------
Melee: Flail             |   155 |   144 |   645 |   413 ||  1357
       Punch             |       |       |     4 |     3 ||     7
Throw: Throwing net      |       |     3 |     5 |       ||     8
Invok: Heroism           |       |       |     7 |     9 ||    16
  Use: Potion            |     1 |     1 |     1 |     4 ||     7
       Scroll            |       |       |    13 |     2 ||    15
 Stab: Held in net/web   |       |       |     3 |       ||     3
       Invisible         |       |       |       |     9 ||     9
Armor: Leather armour    |    60 |    48 |       |       ||   108
       Ring mail         |       |     6 |   450 |   204 ||   660
Dodge: Dodged            |    70 |    86 |   540 |   304 ||  1000
Block: Other             |       |       |       |    44 ||    44

Table legend: (Time is in decaauts)
 A = Elapsed time spent in this place.
 B = Non-inter-level travel time spent in this place.
 C = Inter-level travel time spent in this place.
 D = Time resting spent in this place.
 E = Time spent auto-exploring this place.
 F = Levels seen in this place.
 G = Mean time per level.
                   A        B        C        D        E       F      G
               +--------+--------+--------+--------+--------+-----+--------+
         Total |  12933 |  12443 |    490 |   1962 |   8112 |  12 | 1077.8 |
       Dungeon |  12933 |  12443 |    490 |   1962 |   8112 |  12 | 1077.8 |
               +--------+--------+--------+--------+--------+-----+--------+

Top non-repeatable levels by time:
     D:8: 2286 daAuts
     D:6: 1909 daAuts
     D:3: 1435 daAuts
     D:4: 1364 daAuts
     D:1: 1195 daAuts
     D:7: 1185 daAuts
     D:2: 1102 daAuts
     D:9: 1014 daAuts
     D:5: 869 daAuts
    D:10: 330 daAuts
    D:12: 227 daAuts
    D:13: 11 daAuts
